 Dungeon Crawl Stone Soup version 0.31.0-9-g3a7656b989 (webtiles) character file.

Game seed: 17803617043859241121

25 qw the Shooter (level 2, 0/16 HPs)
             Began as a Deep Elf Hunter on Feb 2, 2024.
             Slain by an adder (4 damage)
             ... on level 2 of the Dungeon.
             The game lasted 00:00:02 (664 turns).

qw the Shooter (Deep Elf Hunter)                     Turns: 664, Time: 00:00:03

Health: 0/16       AC:  2    Str:  8    XL:     2   Next: 82%
Magic:  4/4        EV: 13    Int: 13    God:
Gold:   51         SH:  0    Dex: 18    Spells: 1/1 levels left

rFire   . . .        a - +0 shortbow
rCold   + . .        (shield currently unavailable)
rNeg    . . .        f - +0 robe {rC+}
rPois   .            (no helmet)
rElec   .            (no cloak)
rCorr   .            (no gloves)
SInv    .            (no boots)
Will    .....        (no amulet)
Stlth   ++           (no ring)
HPRegen 0.22/turn    (no ring)
MPRegen 0.09/turn

%: no passive effects
@: lethally poisoned (0 -> -2)
A: no striking features
a: no special abilities


You were on level 2 of the Dungeon.
You visited 1 branch of the dungeon, and saw 2 of its levels.

You collected 51 gold pieces.


   Skills:
 - Level 1.5 Fighting
 + Level 6.5 Ranged Weapons
 - Level 2.4 Dodging
 - Level 1.2 Stealth


You had one spell level left.
You didn't know any spells.
Your spell library was empty.

Inventory:

Hand Weapons
 a - a +0 shortbow (weapon)
Armour
 c - a +0 leather armour
 f - a +0 robe of cold resistance (worn)
Scrolls
 d - a scroll of enchant armour
Potions
 e - a potion of might {unknown}
 i - a potion of cancellation {unknown}

Dungeon Overview and Level Annotations

Branches:
Dungeon (2/15)

Altars:


Message History

An adder comes into view.
Found a scroll labelled SAEJAM COLUMEI.
You shoot an arrow. The arrow barely misses the adder.
The adder hisses angrily.
You shoot an arrow. The arrow hits the adder.
The adder is lightly wounded.
You shoot an arrow. The arrow closely misses the adder.
You shoot an arrow. The arrow closely misses the adder.
The adder bites you.
You shoot an arrow. The arrow misses the adder.
The adder bites you but does no damage. The adder misses you.
You shoot an arrow. The arrow barely misses the adder.
The adder bites you.
You are poisoned.
The adder poisons you!
You shoot an arrow. The arrow closely misses the adder.
You feel sick. The adder misses you. x2
You shoot an arrow. The arrow hits the adder.
The adder is moderately wounded.
You feel sick. The adder closely misses you.
You shoot an arrow. The arrow barely misses the adder.
You feel sick.
You are no longer poisoned.
The adder bites you but does no damage.
You shoot an arrow. The arrow closely misses the adder.
The adder bites you but does no damage. The adder closely misses you.
You shoot an arrow. The arrow barely misses the adder.
The adder closely misses you.
You shoot an arrow. The arrow misses the adder.
The adder misses you.
You shoot an arrow. The arrow misses the adder.
The adder bites you. The adder bites you but does no damage.
You shoot an arrow. The arrow closely misses the adder.
The adder bites you.
You are poisoned.
The adder poisons you!
You shoot an arrow. The arrow hits the adder.
The adder is severely wounded.
You feel sick. The adder bites you.
You die...

#.......#
#.......#
#.......#
#.......#
#.......#
#..<%...# # .
######.#..#..#
#.#....#
#@S.##...
#........##
..........##
.....#......#
.....#......#
.... ##.#####
... ?.# .?.
###


You could see an adder.

Vanquished Creatures
  2 ball pythons (D:1)
  2 endoplasms (D:1)
  2 giant cockroaches
  A goblin (D:1)
  2 hobgoblins
  4 jackals (D:1)
  3 kobolds
  A quokka (D:1)
  3 frilled lizards (D:1)
  A rat (D:1)
21 creatures vanquished.

Notes
Turn   | Place    | Note
-------+----------+-------------------------------------------
     0 | D:1      | qw the Deep Elf Hunter began the quest for the Orb.
     0 | D:1      | Reached XP level 1. HP: 12/12 MP: 3/3
     0 | D:1      | 0 ||| qw: Version: 0.3-a-155-g5e7d8dd
     0 | D:1      | 0 ||| qw: Game counter: 1681
     0 | D:1      | 0 ||| qw: Melee chars always use a shield: true
     0 | D:1      | 0 ||| qw: God list: Okawaru
     0 | D:1      | 0 ||| qw: Allow faded altars: false
     0 | D:1      | 0 ||| qw: Do Orc after clearing Dungeon:15 true
     0 | D:1      | 0 ||| qw: Do second Lair branch before Depths: true
     0 | D:1      | 0 ||| qw: Lair rune preference: random
     0 | D:1      | 0 ||| qw: Goals: Normal
     0 | D:1      | 0 ||| PLANNING D:1-11
   167 | D:1      | Reached skill level 6 in Ranged Weapons
   167 | D:1      | Reached XP level 2. HP: 11/16 MP: 4/4
   590 | D:1      | 590 ||| UPGRADING to +0 robe of cold resistance.
   600 | D:1      | 600 ||| READING 2 scrolls labelled MESHIR KATZ.
   600 | D:1      | 600 ||| ENCHANTING +0 shortbow.
   601 | D:1      | 601 ||| READING scroll labelled QOERAQIESMA.
   602 | D:1      | 602 ||| READING scroll labelled LAICVI RUGUER.
   607 | D:1      | 607 ||| DROPPING scroll of butterflies.
   664 | D:2      | HP: 4/16 [poisoned by an adder]
   664 | D:2      | Slain by an adder

Levels and vault maps discovered:
D:1:      saegor_arrival_fortress, layout_basic, kennysheep_crisscross,
          minivault_26, minmay_small_reverse_x
D:2:      layout_rooms, ebering_ecumenical_altar_webs

Skill      XL: |  1 |
---------------+----+-----
Ranged Weapons | 6 |  6.5
Fighting       | |  1.5
Dodging        | |  2.4
Stealth        | |  1.2

Action                     || total
---------------------------++-------
   Fire: Shortbow          ||    85
    Use: Scroll            ||     3
 Armour: Leather armour    ||    13
         Robe              ||    11
  Dodge: Dodged            ||    27

Table legend:
 A = Non-vault XP
 B = Vault XP
 C = Vault XP percentage of total XP
 D = Non-vault monster count
 E = Vault monster count
 F = Vault count percentage of total count
                 A         B        C        D         E       F
            +---------+---------+-------+---------+---------+-------
      Total |      29 |       7 |  19.4 |      17 |       4 |  19.0
            +---------+---------+-------+---------+---------+-------
        D:1 |      23 |       7 |  23.3 |      14 |       4 |  22.2
        D:2 |       6 |       0 |   0.0 |       3 |       0 |   0.0
            +---------+---------+-------+---------+---------+-------
